 Dungeon Crawl Stone Soup version 0.29.0-4-gdea44cf6ec (webtiles) character file.

Game seed: 1234988532755179008

111 qw the Chopper (level 4, -6/26 HPs)
             Began as a Tengu Warper on Aug 28, 2022.
             Killed by divine providence
             ... invoked by an orc priest
              (13 damage)
             ... on level 3 of the Dungeon.
             The game lasted 00:00:11 (2000 turns).

qw the Chopper (Tengu Warper)                       Turns: 2000, Time: 00:00:11

Health: -6/26      AC:  3    Str: 13    XL:     4   Next: 92%
Magic:  8/8        EV: 12    Int: 14    God:
Gold:   133        SH:  0    Dex: 13    Spells: 7/7 levels left

rFire   . . .      SeeInvis .   Y - +0 hand axe
rCold   . . .      Faith    .   (no shield)
rNeg    . . .      Spirit   .   b - +0 leather armour
rPois   .          Reflect  .   (helmet restricted)
rElec   .          Harm     .   (no cloak)
rCorr   .          Rampage  .   (no gloves)
Will    .....                   (boots unavailable)
Stlth   +.........              (no amulet)
HPRegen 0.08/turn               (no ring)
MPRegen 0.11/turn               (no ring)

@: no status effects
A: beak, talons 3
a: no special abilities


You were on level 3 of the Dungeon.
You visited 1 branch of the dungeon, and saw 3 of its levels.

You collected 199 gold pieces.
You spent 66 gold pieces at shops.


Innate Abilities, Weirdness & Mutations

You have a beak for a mouth.
You have claws for feet.


   Skills:
 - Level 2.0 Fighting
 + Level 5.4 Axes
 - Level 1.0 Throwing
 - Level 1.1 Armour
 - Level 2.1 Dodging
 - Level 2.0 Spellcasting
 - Level 2.4 Translocations


You had 7 spell levels left.
You didn't know any spells.
Your spell library contained the following spells:

 Spells                   Type           Power      Damage    Failure   Level
 Blink                    Tloc           16%        N/A       17%         2
 Gell's Gravitas          Tloc           8%         N/A       34%         3
 Lesser Beckoning         Tloc           8%         N/A       34%         3
 Teleport Other           Tloc           8%         N/A       34%         3
 Manifold Assault         Tloc           8%         N/A       97%         5

Inventory:

Hand Weapons
 d - a +0 flail
 Y - a +0 hand axe (weapon)
Armour
 b - a +0 leather armour (worn)
 e - a +0 scale mail
Scrolls
 c - a scroll of fog {unknown}
 h - 2 scrolls of identify
Potions
 a - 3 potions of curing
 f - a potion of lignification {unknown}
 g - a potion of mutation {unknown}

Dungeon Overview and Level Annotations

Branches:
Dungeon (3/15)

Altars:

Shops:
D:2 !


Message History

The orc priest hits you with a +0 short sword.
You barely miss the orc priest. Your kick misses the orc priest.
You peck the orc priest.
The orc priest is severely wounded.
The orc priest invokes the aid of Beogh against you.
Pain shoots through your body!
You hit the orc priest.
You claw the orc priest, but do no damage.
The orc priest is almost dead.
You barely miss the ball python. The ball python closely misses you.
The ball python misses you.
The orc priest hits you with a +0 short sword.
You hit the orc priest.
You kill the orc priest!
You closely miss the ball python.
The ball python bites you but does no damage.
The ball python misses you.
The ball python bites you but does no damage.
The ball python misses you.
You barely miss the orc priest.
You claw the orc priest, but do no damage.
You peck the orc priest.
The orc priest is moderately wounded.
You closely miss the ball python.
The orc priest hits you with a +0 dagger.
The ball python misses you. The ball python grabs you.
The ball python constricts you.
You closely miss the ball python. Your peck misses the ball python.
You hit the orc priest but do no damage.
The ball python bites you. The ball python constricts you.
You hit the ball python.
You kill the ball python!
You hit the orc but do no damage. You closely miss the orc.
Your kick misses the orc. You hit the orc but do no damage. The orc misses you.
The orc priest invokes the aid of Beogh against you.
Beogh smites you!
Ouch! That really hurt!
You die...

. .. ... ...
######### . ..
#.......#
....#.##.#####.#
.....oo@.#####.####
.....oo...........#
....#.##.#####.##.#
...... #.......#..#
. ..# #.#######.##
.... #.# #.# ...
..# #.# .. ## #.#
###.#


You could see an orc priest and 3 orcs.

Vanquished Creatures
  An orc priest (D:3)
  Terence (D:3)
  2 adders (D:2)
  A dart slug (D:2)
  3 bats
  2 endoplasms
  4 giant cockroaches
  A goblin (D:1)
  4 hobgoblins
  3 kobolds
  3 quokkas (D:1)
  4 ball pythons
  2 frilled lizards (D:1)
  3 rats
34 creatures vanquished.

Notes
Turn   | Place    | Note
-------+----------+-------------------------------------------
     0 | D:1      | qw the Tengu Warper began the quest for the Orb.
     0 | D:1      | Reached XP level 1. HP: 12/12 MP: 4/4
     0 | D:1      | 0 ||| qw: Version: 0.1-a-89-g26bdef1
     0 | D:1      | 0 ||| qw: Game counter: 867
     0 | D:1      | 0 ||| qw: Always use a shield: true
     0 | D:1      | 0 ||| qw: God list: Okawaru
     0 | D:1      | 0 ||| qw: Allow faded altars: false
     0 | D:1      | 0 ||| qw: Do Orc after D:15 true
     0 | D:1      | 0 ||| qw: Do second Lair branch before Depths: true
     0 | D:1      | 0 ||| qw: Lair rune preference: random
     0 | D:1      | 0 ||| qw: Plans: Normal
     0 | D:1      | 0 ||| PLANNING D:1-11
   279 | D:1      | Reached XP level 2. HP: 17/17 MP: 6/6
   292 | D:1      | Reached skill level 3 in Axes
   409 | D:1      | 409 ||| Stepping ~*~*~tactically~*~*~ (stealth).
   410 | D:1      | 410 ||| Stepping ~*~*~tactically~*~*~ (stealth).
   413 | D:1      | 413 ||| Stepping ~*~*~tactically~*~*~ (stealth).
   986 | D:1      | Reached XP level 3. HP: 18/21 MP: 7/7
  1126 | D:1      | 1126 ||| DROPPING ring of flight.
  1127 | D:1      | 1127 ||| READING scroll labelled YCE LYPHOA.
  1128 | D:1      | 1128 ||| READING scroll labelled KESYJIU JESA.
  1129 | D:1      | 1129 ||| DRINKING 2 sedimented blue potions.
  1130 | D:1      | 1130 ||| DRINKING 2 fuming brown potions.
  1131 | D:1      | 1131 ||| DROPPING scroll of blinking.
  1132 | D:1      | 1132 ||| DROPPING potion of brilliance.
  1169 | D:2      | Found Gul Hamu's Distillery.
  1175 | D:2      | 1175 ||| BUYING potion of curing (33 gold).
  1175 | D:2      | Bought a potion of curing for 33 gold pieces
  1175 | D:2      | 1175 ||| BUYING potion of curing (33 gold).
  1175 | D:2      | Bought a potion of curing for 33 gold pieces
  1175 | D:2      | 1175 ||| SHOPLISTING potion of resistance (110 gold, have
                  | 67).
  1258 | D:2      | Reached skill level 4 in Axes
  1336 | D:2      | 1336 ||| DROPPING +0 club.
  1461 | D:2      | Found a faded altar of an unknown god.
  1505 | D:2      | 1505 ||| Stepping ~*~*~tactically~*~*~ (stealth).
  1507 | D:2      | 1507 ||| Stepping ~*~*~tactically~*~*~ (stealth).
  1508 | D:2      | 1508 ||| Stepping ~*~*~tactically~*~*~ (stealth).
  1549 | D:2      | 1549 ||| FLEEEEING.
  1553 | D:2      | 1553 ||| STAIRDANCE
  1661 | D:1      | 1661 ||| READING scroll labelled QALITSOSKO.
  1662 | D:1      | 1662 ||| READING scroll labelled GAWKOE HONUWALE.
  1663 | D:1      | 1663 ||| READING 2 scrolls of identify.
  1663 | D:1      | 1663 ||| IDENTIFYING murky blue potion
  1664 | D:1      | 1664 ||| DROPPING potion of flight.
  1677 | D:2      | 1677 ||| Stepping ~*~*~tactically~*~*~ (stealth).
  1849 | D:3      | Noticed Terence
  1863 | D:3      | HP: 4/21 [Terence/+0 flail (3)]
  1864 | D:3      | 1864 ||| DRINKING potion of heal wounds.
  1870 | D:3      | Killed Terence
  1871 | D:3      | Reached skill level 5 in Axes
  1871 | D:3      | Reached XP level 4. HP: 20/26 MP: 8/8
  1938 | D:3      | 1938 ||| DROPPING +0 whip.
  1988 | D:3      | 1988 ||| Stepping ~*~*~tactically~*~*~ (hiding).
  2000 | D:3      | Killed from afar by an orc priest

Levels and vault maps discovered:
D:1:      amcnicky_arrival_gap_in_the_tavern_cellar, layout_basic
D:2:      layout_rooms, ebering_ecumenical_altar_hall, serial_shops,
          nicolae_shop_stone
D:3:      layout_loops_cross, lemuel_coloured_pillars_altar,
          wad_floor_pattern_1, nrook_mini_vaults, uniq_terence, uniq_ijyb

Skill      XL: |  1  2  3 |
---------------+----------+-----
Axes           | 3 5 |  5.4
Fighting       | |  2.0
Throwing       | |  1.0
Armour         | |  1.1
Dodging        | |  2.1
Spellcasting   | |  2.0
Translocations | |  2.4

Action                   |  1- 3 |  4- 6 || total
-------------------------+-------+-------++-------
Melee: Hand axe          |    89 |     9 ||    98
       Kick              |    22 |     3 ||    25
       Peck              |    12 |     2 ||    14
       Punch             |     1 |       ||     1
Throw: Boomerang         |     7 |       ||     7
  Use: Scroll            |     5 |       ||     5
       Potion            |     3 |       ||     3
Armor: Leather armour    |    18 |     2 ||    20
Dodge: Dodged            |    48 |     8 ||    56

Table legend:
 A = Non-vault XP
 B = Vault XP
 C = Vault XP percentage of total XP
 D = Non-vault monster count
 E = Vault monster count
 F = Vault count percentage of total count
                 A         B        C        D         E       F
            +---------+---------+-------+---------+---------+-------
      Total |     121 |      38 |  23.9 |      33 |       1 |   2.9
            +---------+---------+-------+---------+---------+-------
        D:1 |      34 |       0 |   0.0 |      20 |       0 |   0.0
        D:2 |      44 |       0 |   0.0 |      11 |       0 |   0.0
        D:3 |      43 |      38 |  46.9 |       2 |       1 |  33.3
            +---------+---------+-------+---------+---------+-------
